Map: Atmosphère 2 000 EC

Players

Classic - Winner!

  • Race: Protoss Protoss

ByuL

  • Race: Zerg Zerg

Event: DreamHack SC2 Masters Last Chance 2022

VOD

Have the link to the VOD?

Description

Time

  • Played on: Dec. 15, 2021, 5:10 a.m.
  • Length: 10:12

All games in this series

Show
View Real Time Build Order
Export as new Build Order

Classic Protoss - Winner!

Build Orders: 1 Gate Expand, Oracle Opening 

Get SALT Encoding   

  12  0:00  Probe  
  13  0:12  Probe  
  14  0:17  Pylon  
  14  0:24  Probe (Chrono Boost)  
  15  0:36  Probe (Chrono Boost)  
  15  0:37  Gateway  
  16  0:45  Probe (Chrono Boost)  
  16  0:47  Assimilator  
  17  0:51  Probe  
  18  1:03  Probe  
  19  1:15  Probe  
  20  1:25  Nexus  
  20  1:28  Probe  
  21  1:39  Cybernetics Core  
  21  1:42  Probe  
  22  1:48  Assimilator  
  22  1:54  Pylon  
  22  1:57  Probe  
  23  2:12  Adept (Chrono Boost)  
  23  2:13  Probe  
  26  2:20  Stargate  
  26  2:25  Probe  
  26  2:29  Warp Gate  
  27  2:35  Adept  
  31  2:37  Probe x2 (Chrono Boost)  
  31  2:46  Probe x2 (Chrono Boost)  
  33  2:51  Probe x2 (Chrono Boost)  
  35  3:01  Oracle (Chrono Boost)  
  35  3:03  Probe x2  
  40  3:15  Probe x2  
  40  3:17  Pylon  
  42  3:25  Gateway  
  42  3:27  Probe x2  
  42  3:29  Void Ray  
  44  3:38  Gateway  
  48  3:41  Probe x2  
  50  3:54  Twilight Council, Probe x2  
  52  3:56  Pylon  
  52  3:57  Assimilator  
  52  4:04  Assimilator  
  52  4:06  Probe x2  
  52  4:09  Robotics Facility  
  54  4:12  Pylon  
  54  4:20  Adept  
  54  4:21  Adept  
  54  4:23  Probe x2  
  60  4:27  Resonating Glaives (Chrono Boost)  
  60  4:29  Pylon  
  60  4:37  Adept  
  62  4:42  Adept  
  62  4:43  Adept  
  63  4:55  Gateway  
  63  4:57  Gateway  
  63  4:58  Immortal (Chrono Boost)  
  63  4:59  Gateway  
  61  5:08  Adept x2  
  61  5:09  Adept  
  67  5:14  Gateway  
  67  5:17  Pylon  
  67  5:20  Pylon  
  61  5:30  Adept x3  
  61  5:35  Immortal (Chrono Boost)  
  71  5:52  Adept  
  71  5:53  Adept x4  
  81  5:58  Sentry  
  81  6:02  Pylon  
  83  6:08  Immortal (Chrono Boost)  
  87  6:16  Robotics Bay  
  87  6:23  Pylon  
  87  6:32  Pylon  
  87  6:39  Warp Prism (Chrono Boost)  
  89  6:49  Adept x4, Sentry x2  
  101  6:56  Gateway  
  101  6:58  Pylon  
  101  7:07  Disruptor (Chrono Boost)  
  104  7:20  Adept  
  104  7:21  Adept x5  
  116  7:28  Pylon x2  
  116  7:33  Disruptor (Chrono Boost)  
  119  7:47  Adept x6  
  131  7:55  Sentry  
  131  7:57  Disruptor (Chrono Boost), Pylon  
  136  8:17  Adept x6  
  136  8:19  Adept  
  150  8:21  Pylon  
  150  8:33  Disruptor  
  149  8:50  Adept x4  
  147  9:03  Adept  
  147  9:04  Adept x2  
  147  9:08  Disruptor (Chrono Boost)  
  148  9:13  Adept x4  
  144  9:25  Adept x2  
  144  9:26  Adept  
  150  9:38  Adept x3  
Show
View Real Time Build Order
Export as new Build Order

ByuL Zerg 

Build Orders: Hatch First 

Get SALT Encoding   

  12  0:00  Drone  
  13  0:12  Overlord  
  13  0:16  Drone  
  14  0:30  Drone x2  
  16  0:48  Hatchery  
  15  0:51  Drone  
  15  0:55  Drone  
  17  0:58  Drone  
  18  1:09  Extractor  
  17  1:15  Spawning Pool  
  17  1:16  Drone  
  17  1:19  Drone  
  18  1:28  Drone  
  19  1:39  Drone  
  20  1:50  Overlord  
  20  2:01  Queen  
  20  2:02  Zergling x4, Queen  
  26  2:11  Drone x2  
  26  2:14  Metabolic Boost  
  28  2:22  Drone x2  
  30  2:32  Drone  
  30  2:33  Drone  
  32  2:37  Queen  
  34  2:48  Hatchery  
  33  2:53  Overlord  
  33  2:56  Zergling x2  
  33  2:58  Drone x2  
  36  3:13  Drone x5  
  36  3:14  Drone  
  36  3:17  Queen  
  44  3:21  Overlord  
  44  3:29  Overlord  
  44  3:31  Spore Crawler  
  44  3:32  Zergling x2  
  44  3:39  Spore Crawler  
  44  3:40  Drone  
  43  3:42  Drone  
  43  3:46  Drone  
  43  3:48  Drone x3  
  42  3:50  Drone  
  42  3:52  Drone  
  45  4:00  Queen  
  47  4:04  Drone  
  47  4:05  Drone  
  47  4:07  Zergling x2  
  50  4:12  Drone  
  50  4:13  Drone x2  
  53  4:20  Zergling x2  
  53  4:21  Zergling x4  
  54  4:27  Queen  
  54  4:30  Roach Warren  
  55  4:33  Spore Crawler  
  55  4:36  Queen  
  55  4:38  Drone x2  
  58  4:40  Zergling x2  
  58  4:41  Zergling x2  
  58  4:42  Zergling x2  
  61  4:46  Zergling x4  
  61  4:48  Zergling x2  
  63  4:55  Zergling x2  
  63  4:56  Zergling x4  
  63  4:58  Overlord  
  66  5:00  Overlord  
  66  5:05  Overlord  
  66  5:10  Overlord  
  66  5:11  Extractor  
  64  5:15  Spore Crawler  
  64  5:17  Zergling x2  
  64  5:18  Zergling x6  
  64  5:20  Zergling x4  
  68  5:24  Drone x3  
  68  5:27  Drone x2  
  66  5:45  Lair  
  66  5:49  Drone x2  
  67  5:51  Queen  
  67  5:53  Roach x4  
  67  5:54  Roach  
  79  5:58  Roach  
  79  6:00  Zergling x6  
  79  6:01  Zergling x2  
  79  6:03  Zergling x2  
  85  6:05  Zergling x2  
  85  6:07  Zergling x2  
  85  6:11  Queen  
  85  6:13  Zergling x2  
  85  6:16  Ravager  
  85  6:17  Zergling x6  
  92  6:20  Ravager  
  92  6:22  Zergling x2  
  92  6:23  Zergling x2  
  95  6:25  Ravager  
  95  6:28  Overlord  
  95  6:30  Extractor  
  95  6:35  Drone x2  
  95  6:36  Drone  
  98  6:40  Overlord  
  98  6:46  Spine Crawler  
  96  6:49  Glial Reconstitution  
  96  6:51  Drone x2  
  96  6:52  Drone  
  96  6:53  Drone  
  100  6:54  Drone x2  
  100  6:56  Roach x2  
  100  6:58  Overlord  
  100  7:00  Zergling x6  
  109  7:08  Zergling x2, Roach x2  
  113  7:11  Overlord  
  114  7:16  Spine Crawler  
  114  7:19  Ravager x2  
  117  7:22  Roach  
  117  7:24  Zergling x2  
  117  7:25  Zergling x4  
  119  7:31  Queen  
  121  7:41  Overlord  
  121  7:43  Overlord  
  121  7:46  Overlord  
  121  7:49  Drone  
  121  7:50  Drone x7  
  127  7:56  Extractor  
  127  7:57  Roach  
  128  8:02  Overlord  
  128  8:03  Overlord  
  130  8:05  Roach  
  130  8:06  Roach x3  
  130  8:08  Roach  
  130  8:10  Roach  
  140  8:18  Roach x4  
  148  8:22  Extractor  
  148  8:24  Roach  
  148  8:25  Roach  
  148  8:26  Roach x2  
  146  8:36  Roach x2  
  146  8:37  Roach x3  
  146  8:39  Roach  
  158  8:43  Queen  
  158  8:47  Roach x2  
  158  8:48  Zergling x4, Roach  
  163  8:53  Queen  
  163  8:55  Roach x3  
  159  8:58  Roach  
  107  9:10  Roach  
  107  9:11  Roach x3  
  107  9:14  Roach  
  112  9:19  Roach  
  112  9:20  Roach  
  112  9:23  Roach x3  
  124  9:26  Roach  
  124  9:27  Roach x2  
  124  9:28  Roach  
  132  9:32  Roach  
  132  9:38  Roach  
  132  9:39  Roach  
  132  9:40  Ravager  
  121  9:51  Roach x2  

Tags
 
Add a new tag
Caveats
  • Supply blocks, unpowered buildings, or Contaminate may cause inaccurate times.
  • Supply counts are checked every 10 seconds.